 Dungeon Crawl Stone Soup version 0.29-a0-866-g0545e20025 (webtiles) character file.

Game seed: 17589671420121357914

2664 Bayoyayo the Cleaver (level 9, -1/79 HPs)
             Began as a Minotaur Berserker on July 17, 2022.
             Was an Elder of Trog.
             Slain by a cyan ugly thing (15 damage)
             ... on level 7 of the Dungeon.
             The game lasted 01:00:47 (7381 turns).

Bayoyayo the Cleaver (Minotaur Berserker)           Turns: 7381, Time: 01:00:47

Health: -1/79      AC: 13    Str: 30    XL:     9   Next: 36%
Magic:  8/8        EV:  9    Int:  4    God:    Trog [****..]
Gold:   324        SH:  0    Dex: 10    Spells: 8/8 levels left

rFire   . . .      SeeInvis +   M - +0 war axe
rCold   . . .      Faith    .   (no shield)
rNeg    . . .      Spirit   .   p - +0 plate armour of the Louse {Harm Str+4}
rPois   .          Reflect  .   (helmet restricted)
rElec   .          Harm     +   (no cloak)
rCorr   .          Rampage  .   (no gloves)
Will    .....                   (no boots)
Stlth   ..........              (no amulet)
HPRegen 0.23/turn               r - ring of see invisible
MPRegen 0.11/turn               (no ring)

@: no status effects
A: horns 2, retaliatory headbutt, talons 1, sense surroundings 1
a: Renounce Religion, Berserk, Trog's Hand, Brothers in Arms


You were on level 7 of the Dungeon.
You worshipped Trog.
Trog was greatly pleased with you.
You visited 1 branch of the dungeon, and saw 7 of its levels.
You also visited: Sewer.

You collected 324 gold pieces.

Inventory:

Hand Weapons
 a - a +0 hand axe of venom
 g - a +0 whip
 i - a +1 short sword of flaming
 k - a +0 giant club
 m - a +0 scythe
 t - a +0 sling
 E - a +0 trident
 K - a +0 hand axe of electrocution
 M - a +0 war axe (weapon)
Missiles
 j - 55 stones
 x - 20 poisoned darts (quivered)
 y - 2 boomerangs
 D - 5 javelins
Armour
 b - a +0 animal skin
 f - a +0 leather armour
 l - a +0 chain mail
 p - the +0 plate armour of the Louse (worn) {Harm Str+4}
   (You found it on level 2 of the Dungeon)

   Str:       It affects your strength (+4).
   Harm:      It increases damage dealt and taken.
 q - a +0 ring mail
 C - the +1 ring mail of Quom {rC+ Stlth+}
   (You found it on level 3 of the Dungeon)

   rC:        It protects you from cold.
   Stlth:     It makes you more stealthy.
 F - a scarf of harm
 Q - a +0 helmet
Magical Staves
 v - a staff of fire
Jewellery
 r - a ring of see invisible (left hand)
 P - a ring of see invisible
Wands
 G - a wand of paralysis (9)
Scrolls
 c - a scroll of fear
 e - 4 scrolls of teleportation
 n - a scroll of blinking
 o - 2 scrolls of poison
 s - 5 scrolls of noise
 u - 2 scrolls of enchant armour
 H - 2 scrolls of immolation
 J - 4 scrolls of fog
 R - a scroll of enchant weapon {unknown}
Potions
 d - 5 potions of curing
 h - a potion of lignification
 w - a potion of ambrosia
 z - 4 potions of heal wounds
 A - a potion of haste
 B - a potion of might
 I - a potion of magic
 L - a potion of mutation
 N - a potion of invisibility {unknown}
 O - 2 potions of resistance


   Skills:
 + Level 7.0 Fighting
 + Level 11.4 Axes
 + Level 8.6 Armour
 + Level 3.7 Dodging
 + Level 1.0 Stealth


You had 8 spell levels left.
You didn't know any spells.
Your spell library contained the following spells:

 Spells                   Type           Power      Damage    Failure   Level
 Blink                    Tloc           0%         N/A       100%        2
 Dazzling Flash           Conj/Hex       0%         N/A       100%        3
 Agony                    Necr           0%         N/A       100%        5
 Manifold Assault         Tloc           0%         N/A       100%        5
 Silence                  Hex/Air        0%         N/A       100%        5
 Storm Form               Tmut/Air       0%         N/A       100%        7


Dungeon Overview and Level Annotations

Branches:
Dungeon (7/15)             Temple (0/1) D:5           Sewer (visited)

Altars:
Elyvilon


Innate Abilities, Weirdness & Mutations

You have a pair of horns on your head.
You reflexively headbutt those who attack you in melee.
You have sharp toenails.
You passively map a small area around you.


Message History

Here: a cyan ugly thing The floor.
Throw: 21 darts (poison)
Press: ? - help, Q - select action, (/) - cycle Shift-Dir - straight line, f - cyan ugly thing
Aim: a cyan ugly thing (59% to hit)
You throw a poisoned dart.
The poisoned dart hits the cyan ugly thing.
The cyan ugly thing is poisoned.
You hit the cyan ugly thing. You claw the cyan ugly thing.
The cyan ugly thing is lightly wounded.
The cyan ugly thing gores you. The cyan ugly thing shocks you!
You hit the cyan ugly thing but do no damage.
You claw the cyan ugly thing.
Your headbutt misses the cyan ugly thing.
The cyan ugly thing is lightly wounded.
The cyan ugly thing barely misses you. You furiously retaliate!
You headbutt the cyan ugly thing. You closely miss the cyan ugly thing.
Your kick misses the cyan ugly thing.
The cyan ugly thing is lightly wounded.
The cyan ugly thing completely misses you.
You hit the cyan ugly thing. You claw the cyan ugly thing!
The cyan ugly thing is moderately wounded.
The cyan ugly thing gores you but does no damage.
You slash the cyan ugly thing! Your kick misses the cyan ugly thing.
Your punch misses the cyan ugly thing.
The cyan ugly thing is heavily wounded.
The cyan ugly thing gores you. The cyan ugly thing shocks you!
You slash the cyan ugly thing!
The cyan ugly thing is severely wounded.
The cyan ugly thing closely misses you. You furiously retaliate!
You headbutt the cyan ugly thing! You hit the cyan ugly thing.
You claw the cyan ugly thing, but do no damage.
The cyan ugly thing is almost dead.
The cyan ugly thing gores you! The cyan ugly thing shocks you!
* * * LOW HITPOINT WARNING * * *
You feel much better. The cyan ugly thing gores you!
* * * LOW HITPOINT WARNING * * *
The cyan ugly thing shocks you!
You die...

#########.....###.###).......
...........###.##.##.###.#...
..##########..###.#.#.###.)#...
...............####.####..##...
#...###.####.......8.†...###..<
., #..####..####.####....... *
##..##..## .#.#, ##..#... ,
##....###(##.#* ##.#### * ,,
####..@u# #.# *, .....# *
##...# ... . ###.. , ##..# ...,
# ,, ,.....### , , * ,, #...##
* , ##### , © ,,,, * *


You could see a cyan ugly thing (poisoned).

Vanquished Creatures
  Sigmund (D:2)
  A wraith (D:7)
  Eustachio (D:6)
  A steam dragon (D:7)
  Menkaure (D:4)
  A water moccasin (D:7)
  A sky beast (D:7)
  2 black bears
  An ogre (D:5)
  2 centaurs (D:7)
  2 kobold brigands (Sewer)
  2 necrophages
  3 scorpions
  4 wights (D:6)
  3 killer bees (D:7)
  A howler monkey (D:5)
  2 hounds
  A jelly (D:6)
  Jessica (D:2)
  3 iguanas
  An orc wizard (D:3)
  5 gnolls
  9 adders
  A white imp (D:5)
  An ufetubus (D:5)
  2 dart slugs
  3 worms
  18 orcs
  8 bats
  6 endoplasms
  8 giant cockroaches
  11 goblins
  8 hobgoblins
  2 jackals (D:3)
  17 kobolds
  5 quokkas
  10 ball pythons
  7 frilled lizards
  8 rats
164 creatures vanquished.

Vanquished Creatures (collateral kills)
  An adder (D:2)
1 creature vanquished.

Vanquished Creatures (others)
  5 fungi
  2 plants
7 creatures vanquished.

Grand Total: 172 creatures vanquished

Notes
Turn   | Place    | Note
-------+----------+-------------------------------------------
     0 | D:1      | Bayoyayo the Minotaur Berserker began the quest for the
                  | Orb.
     0 | D:1      | Reached XP level 1. HP: 19/19 MP: 0/0
   112 | D:1      | Reached skill level 4 in Axes
   112 | D:1      | Reached XP level 2. HP: 26/27 MP: 1/1
   837 | D:1      | Reached XP level 3. HP: 33/33 MP: 2/2
  1393 | D:2      | Noticed Jessica
  1405 | D:2      | Killed Jessica
  1405 | D:2      | Reached ** piety under Trog
  1406 | D:2      | Reached XP level 4. HP: 37/41 MP: 3/3
  1551 | D:2      | Reached skill level 5 in Axes
  1727 | D:2      | Identified the +0 plate armour of the Louse {Harm Str+4}
  1899 | D:2      | Noticed Sigmund
  1919 | D:2      | Killed Sigmund
  1920 | D:2      | Reached skill level 6 in Axes
  1920 | D:2      | Reached XP level 5. HP: 21/47 MP: 4/4
  1920 | D:2      | Reached XP level 6. HP: 25/55 MP: 5/5
  2094 | D:2      | Found a faded altar of an unknown god.
  2140 | D:2      | Reached skill level 5 in Fighting
  2585 | D:3      | Found a white marble altar of Elyvilon.
  3063 | D:3      | Identified the +1 ring mail of Quom {rC+ Stlth+}
  3456 | D:4      | You fall into a shaft and drop 1 floor!
  3456 | D:5      | Entered Level 5 of the Dungeon
  3493 | D:5      | Reached skill level 5 in Armour
  3549 | D:4      | Reached XP level 7. HP: 61/61 MP: 6/6
  3633 | D:4      | Noticed Menkaure
  3637 | D:4      | Killed Menkaure
  3638 | D:4      | Reached skill level 7 in Axes
  4687 | D:5      | Found a staircase to the Ecumenical Temple.
  4842 | D:6      | Reached *** piety under Trog
  4858 | D:6      | Found a glowing drain.
  4873 | Sewer    | Entered a sewer
  4900 | Sewer    | Reached skill level 8 in Axes
  5217 | Sewer    | Reached XP level 8. HP: 70/70 MP: 7/7
  5468 | Sewer    | Gained mutation: You have hidden genetic potential. [potion
                  | of mutation]
  5468 | Sewer    | Gained mutation: Your spells are a little easier to cast,
                  | but a little less powerful. [potion of mutation]
  5468 | Sewer    | Gained mutation: You sometimes lose your temper in combat.
                  | [potion of mutation]
  5470 | Sewer    | Lost mutation: You have hidden genetic potential. [potion
                  | of mutation]
  5470 | Sewer    | Lost mutation: You sometimes lose your temper in combat.
                  | [potion of mutation]
  5470 | Sewer    | Lost mutation: Your spells are a little easier to cast, but
                  | a little less powerful. [potion of mutation]
  5470 | Sewer    | Gained mutation: You passively map a small area around you.
                  | [potion of mutation]
  5470 | Sewer    | Gained mutation: You have sharp toenails. [potion of
                  | mutation]
  5669 | D:6      | Noticed Eustachio
  5678 | D:6      | Killed Eustachio
  5679 | D:6      | Reached skill level 9 in Axes
  5805 | D:6      | Reached skill level 1 in Stealth
  5962 | D:6      | Reached skill level 10 in Axes
  6586 | D:7      | Reached XP level 9. HP: 78/78 MP: 8/8
  6825 | D:7      | Reached **** piety under Trog
  6911 | D:7      | Reached skill level 11 in Axes
  7372 | D:7      | Noticed a cyan ugly thing
  7381 | D:7      | Slain by a cyan ugly thing

Illustrated notes

Levels and vault maps discovered:
D:1:      lemuel_arrival_funnel, layout_basic
D:2:      layout_rooms, shapermc_ecumenical_altar_acropolis,
          palyth_stone_intersect, grunt_decor_fettered, uniq_sigmund,
          uniq_jessica
D:3:      layout_rooms, mainiacjoe_overflow_paths
D:4:      layout_cave_pools, uniq_menkaure
D:5:      layout_basic, minmay_temple_entry_stoned_glass
D:6:      layout_rooms, nicolae_ossuary_entry_monument, portal_sewer_entry_f,
          uniq_eustachio
D:7:      gammafunk_beogh_shrine, layout_rooms,
          nicolae_overflow_hallway_of_the_gods, kb_rosetta

Skill      XL: |  1  2  3  4  5  6  7  8  9 |
---------------+----------------------------+-----
Fighting       | 4 5 6 7 |  7.0
Axes           | 4 6 8 10 11 | 11.4
Armour         | 3 5 6 7 8 |  8.6
Dodging        | 3 |  3.7
Stealth        | 1 |  1.0

Action                   |  1- 3 |  4- 6 |  7- 9 || total
-------------------------+-------+-------+-------++-------
Melee: Hand axe          |    57 |   142 |    42 ||   241
       Headbutt          |    10 |    21 |    23 ||    54
       Punch             |       |     1 |     2 ||     3
       War axe           |       |       |   166 ||   166
       Kick              |       |       |    25 ||    25
Throw: Dart              |       |       |     1 ||     1
Invok: Berserk           |     1 |     1 |     5 ||     7
  Use: Scroll            |     4 |     5 |     8 ||    17
       Potion            |     1 |     2 |     7 ||    10
Armor: Leather armour    |     8 |       |       ||     8
       Chain mail        |     9 |     8 |       ||    17
       Plate armour      |       |    70 |   104 ||   174
Dodge: Dodged            |    30 |    45 |   112 ||   187

Table legend: (Time is in decaauts)
 A = Elapsed time spent in this place.
 B = Non-inter-level travel time spent in this place.
 C = Inter-level travel time spent in this place.
 D = Time resting spent in this place.
 E = Time spent auto-exploring this place.
 F = Levels seen in this place.
 G = Mean time per level.
                   A        B        C        D        E       F      G
               +--------+--------+--------+--------+--------+-----+--------+
         Total |   7504 |   7504 |      0 |   2679 |   2228 |   8 |  938.0 |
       Dungeon |   6829 |   6829 |      0 |   2379 |   2123 |   7 |  975.6 |
         Sewer |    674 |    674 |      0 |    300 |    104 |   1 |  674.0 |
               +--------+--------+--------+--------+--------+-----+--------+

Top non-repeatable levels by time:
     D:1: 1405 daAuts
     D:7: 1189 daAuts
     D:2: 1129 daAuts
     D:5: 987 daAuts
     D:6: 784 daAuts
     D:3: 680 daAuts
   Sewer: 674 daAuts
     D:4: 652 daAuts
